 Dungeon Crawl Stone Soup version 0.18.1-48-g4cf74bf (console) character file.

46 Kloppie the Skirmisher (level 3, -6/34 HPs)
             Began as a Minotaur Abyssal Knight on June 29, 2016.
             Was a Follower of Lugonu.
             Mangled by Sigmund
             ... wielding a cursed +0 scythe
              (14 damage)
             ... on level 2 of the Dungeon.
             The game lasted 00:02:35 (1140 turns).

Kloppie the Skirmisher (Minotaur Abyssal Knight)    Turns: 1140, Time: 00:02:35

Health: -6/34      AC:  5    Str: 16    XL:     3   Next: 44%
Magic:  3/3        EV: 10    Int:  9    God:    Lugonu [*.....]
Gold:   28         SH:  0    Dex: 10    Spells: 0 memorised, 2 levels left

rFire  . . .     SeeInvis .     a - +1 mace
rCold  . . .     Gourm    .     h - +0 ring mail
rNeg   . . .     Faith    .     (no shield)
rPois  .         Spirit   .     (helmet restricted)
rElec  .         Dismiss  .     (no cloak)
rCorr  .         Reflect  .     (no gloves)
SustAt .         Harm     .     (no boots)
MR     .....                    (no amulet)
Stlth  ..........               (no ring)
                                (no ring)

@: not resistant to hostile enchantments, extremely unstealthy
A: retaliatory headbutt, horns 2
a: Depart the Abyss, Renounce Religion


You were on level 2 of the Dungeon.
You worshipped Lugonu.
Lugonu was aware of your devotion.
You were not hungry.

You visited 1 branch of the dungeon, and saw 2 of its levels.
You visited the Abyss 1 time.

You collected 28 gold pieces.

Inventory:

Hand Weapons
 a - a +1 mace (weapon)
Armour
 h - a +0 ring mail (worn)
Jewellery
 p - an uncursed amulet of guardian spirit {unknown}
Scrolls
 e - 3 scrolls of immolation {unknown}
 f - a scroll of amnesia {unknown}
 i - a scroll of remove curse {unknown}
 k - a scroll of enchant armour {unknown}
 n - a scroll of identify {unknown}
 r - a scroll of recharging {unknown}
 s - a scroll of magic mapping {unknown}
 u - a scroll of fear {unknown}
Potions
 b - 3 potions of curing {unknown}
 g - a potion of resistance {unknown}
 l - a potion of cancellation {unknown}
 m - a potion of heal wounds {unknown}
 o - a potion of ambrosia {unknown}
 q - a potion of flight {unknown}
 t - a potion of lignification {unknown}
Comestibles
 c - a bread ration
 d - 2 chunks of flesh
 j - 8 fruits


   Skills:
 + Level 4.4 Fighting
 + Level 3.2 Maces & Flails
 + Level 3.2 Armour
 - Level 1.1 Dodging
 - Level 1.7 Invocations


You had 2 spell levels left.
You didn't know any spells.

Dungeon Overview and Level Annotations

Branches:
Dungeon (2/15)

Altars:

Annotations:
D:2 Sigmund


Innate Abilities, Weirdness & Mutations

You reflexively headbutt those who attack you in melee.
You have a pair of horns on your head.


Message History

Sigmund is lightly wounded.
You feel less confused.
Your ring mail prevents you from hitting Sigmund.
Sigmund is lightly wounded.
Sigmund hits you with a scythe!
* * * LOW HITPOINT WARNING * * *
You hit Sigmund.
Sigmund is moderately wounded.
Sigmund gestures wildly while chanting.
Sigmund flickers and vanishes!
Deactivating autopickup; reactivate with Ctrl-A.
You thump something! Something hits you.
* * * LOW HITPOINT WARNING * * *
You hit something. Something hits you.
* * * LOW HITPOINT WARNING * * *
You miss something. Something hits you.
* * * LOW HITPOINT WARNING * * *
You hit something. Something hits you but does no damage.
You hit something but do no damage. Something hits you!
You die...

##+##
##.?.## .#
##.....##.##
##..?....#..
#.........#
+.........+
#.........#
#...@{>.#
##.....##
###...#####
#.........#
#.#######.#
#. #.# #
#.######.#
#........#
#.########


There were no monsters in sight!

Vanquished Creatures
  An adder (D:2)
  A worm (D:2)
  A giant cockroach (D:2)
  2 goblins (D:2)
  6 hobgoblins (D:1)
  4 jackals (D:2)
  A quokka (D:2)
  6 bats
  3 giant newts
  3 kobolds (D:1)
  5 rats
33 creatures vanquished.

Notes
Turn   | Place    | Note
--------------------------------------------------------------
     0 | Abyss:1  | Kloppie the Minotaur Abyssal Knight began the quest for the Orb.
     0 | Abyss:1  | Reached XP level 1. HP: 19/19 MP: 1/1
     0 | D:1      | Escaped the Abyss
   138 | D:1      | Reached * piety under Lugonu
   162 | D:1      | Reached XP level 2. HP: 25/27 MP: 2/2
   295 | D:1      | Reached skill level 4 in Fighting
   907 | D:2      | Reached XP level 3. HP: 33/33 MP: 3/3
  1122 | D:2      | Noticed Sigmund
  1140 | D:2      | Mangled by Sigmund

Skill      XL: |  1  2 |
---------------+-------+-----
Fighting       | 4 |  4.4
Maces & Flails | 3 |  3.2
Armour         | 3 |  3.2
Dodging        | |  1.1
Invocations    | |  1.7

Action                   || total
-------------------------++-------
Melee: Mace              ||    72
       Headbutt          ||     7
Invok: Depart the Abyss  ||     1
  Eat: Chunk             ||     1
Armor: Ring mail         ||    21
       Leather armour    ||     1
Dodge: Dodged            ||    41
